 Dungeon Crawl Stone Soup version 0.27-a0-1278-g6cbc8dfb29 (webtiles) character file.

Game seed: 13654547684962746238

1164 puppykicker the Chiller (level 8, 0/60 HPs)
             Began as a Barachi Ice Elementalist on June 12, 2021.
             Slain by an ogre (25 damage)
             ... on level 5 of the Dungeon.
             The game lasted 00:13:50 (5312 turns).

puppykicker the Chiller (Barachi Ice Elementalist)  Turns: 5312, Time: 00:13:51

Health: 0/60       AC: 14    Str:  9    XL:     8   Next: 40%
Magic:  7/14       EV: 13    Int: 20    God:
Gold:   260        SH:  0    Dex: 14    Spells: 8/15 levels left

rFire    . . .     SeeInvis .   a - +0 falchion
rCold    . . .     Faith    .   (no shield)
rNeg     + . .     Spirit   .   k - +1 robe {rN+} {rN+}
rPois    .         Reflect  .   r - +1 helmet {Int+3} {Int+3}
rElec    .         Harm     .   (no cloak)
rCorr    .         Rampage  .   (no gloves)
Will     .....                  c - +0 pair of boots
Stlth    ++........             (no amulet)
HPRegen  0.20/turn              (no ring)
MPRegen  0.14/turn              (no ring)

@: ice-armoured, freezing walls, slow
A: amphibious, slowness 1, strong legs 1, +LOS
a: Hop


You were on level 5 of the Dungeon.
You visited 1 branch of the dungeon, and saw 5 of its levels.

You collected 260 gold pieces.

Inventory:

Hand Weapons
 a - a +0 falchion (weapon)
 t - a +0 great sword
Missiles
 e - 4 javelins (quivered)
 m - 15 poisoned darts
 q - 3 throwing nets
Armour
 c - a +0 pair of boots (worn)
 k - a +1 robe of positive energy (worn) {rN+}
 r - a +1 helmet of intelligence (worn) {Int+3}
Jewellery
 h - an amulet of faith {Faith, !P}
 n - a ring of fire {rF+, rC-}
Wands
 D - a wand of digging (5)
Scrolls
 b - a scroll of teleportation {unknown}
 d - a scroll of immolation {unknown}
 g - a scroll of amnesia {unknown}
 l - a scroll of fear {unknown}
 o - a scroll of summoning {unknown}
 s - a scroll of blinking {unknown}
 u - a scroll of vulnerability {unknown}
 w - a scroll of magic mapping {unknown}
Potions
 f - a potion of invisibility
 i - a potion of resistance {unknown}
 j - a potion of curing
 p - 2 potions of might
 v - a potion of brilliance


   Skills:
 - Level 4.0 Fighting
 + Level 3.6 Long Blades
 + Level 3.9 Armour
 - Level 4.0 Dodging
 + Level 3.9 Stealth
 - Level 4.0 Spellcasting
 * Level 7.7 Ice Magic


You had 8 spell levels left.
You knew the following spells:

 Your Spells              Type           Power      Damage    Failure   Level
a - Freeze                Ice            100%       1d11      1%          1
b - Frozen Ramparts       Ice            68%        1d8       1%          3
o - Ozocubu's Armour      Ice            34%        N/A       1%          3

Your spell library contained the following spells:

 Spells                   Type           Power      Damage    Failure   Level
 Animate Skeleton         Necr           8%         N/A       13%         1
 Pain                     Necr           16%        1d4       13%         1
 Hailstorm                Conj/Ice       19%        3d6       26%         4
 Vampiric Draining        Necr           2%         2d6       36%         3
 Metabolic Englaciation   Hex/Ice        9%         N/A       58%         5
 Animate Dead             Necr           2%         N/A       77%         4
 Agony                    Necr           4%         N/A       98%         5


Dungeon Overview and Level Annotations

Branches:
Dungeon (5/15)
 Temple: D:4-7

Altars:
Qazlal


Innate Abilities, Weirdness & Mutations

You are amphibious.
You cover ground slowly.
You can hop short distances.
You have an extended range of vision and can be seen from far away.


Message History

You now have 6/14 mp.
You start resting.
Health restored: 60 You regained 4 mp, and now have 10/14 mp.
You start resting.
Your icy armour starts to melt.
You regained 2 mp, and now have 12/14 mp.
Your icy armour cracks and falls away as you move.
Things that are here:
a +0 giant club; an ogre corpse You see here 18 arrows.
Found a stone staircase leading up and a stone staircase leading down.
MP restored: 14 An ogre comes into view.
It is wielding a +0 giant club.
The ogre shouts!
The ogre closely misses you.
You hit the ogre. The ogre closely misses you.
You barely miss the ogre.
The ogre hits you with a +0 giant club!!
You take 18 damage, and have 42/60 hp.
MASSIVE DAMAGE!!
Casting: Freeze (safe; 1% risk of failure)
Casting: Frozen Ramparts (safe; 1% risk of failure)
Press: ? - help, Dir - look around, f - activate The walls around you are covered in ice.
You now have 11/14 mp.
Casting: Frozen Ramparts (safe; 1% risk of failure)
Aiming: Freeze (safe; 1% risk of failure)
Press: ? - help, Shift-Dir - straight line, f - ogre
Aim: an ogre, wielding a +0 giant club (lightly wounded)
You freeze the ogre!
The wall freezes the ogre.
The ogre hits you with a +0 giant club!!
* * * LOW HITPOINT WARNING * * *
You take 18 damage, and have 25/60 hp.
MASSIVE DAMAGE!!
You now have 10/14 mp.
Casting: Freeze (safe; 1% risk of failure)
A film of ice covers your body!
The wall freezes the ogre.
The ogre hits you with a +0 giant club!!
You die...

#.# #.. #.# # ##$####
#. .....####+#####
#.## #.##.##........
... #..#.##........
#.###..#.# ........
#.@....#.####'##...
#O###..........'...
#.#####..#..#.#.##...
#........(..#(.......
#######.##......#....
#.###.#####.### #<#
#######.### #>.
........ #.# ########


You could see an ogre.

Levels and vault maps discovered:
D:1:      minmay_arrival_jagged, layout_basic, minivault_4
D:2:      layout_loops_ring, basic_altar, kennysheep_generic_room_6,
          uniq_sigmund
D:3:      layout_basic, shapermc_ecumenical_altar_mp_highgroup,
          minmay_misc_feat_secret_circle, serial_park_tiny_1, uniq_robin
D:4:      layout_basic, minmay_misc_feat_roman
D:5:      layout_basic

Notes
Turn   | Place    | Note
-------+----------+-------------------------------------------
     0 | D:1      | puppykicker the Barachi Ice Elementalist began the quest
                  | for the Orb.
     0 | D:1      | Reached XP level 1. HP: 13/13 MP: 3/3
    40 | D:1      | HP: 3/13 [frozen (5)]
   339 | D:1      | Identified a +0 dagger
   341 | D:1      | Identified a +0 club
   342 | D:1      | Identified a +0 falchion
   354 | D:1      | Reached XP level 2. HP: 10/20 MP: 3/5
   355 | D:1      | Reached skill level 5 in Ice Magic
   574 | D:1      | Identified a +2 whip of distortion
   695 | D:1      | Identified a +0 club
   700 | D:1      | Reached skill level 1 in Fighting
  1116 | D:1      | Reached skill level 2 in Stealth
  1157 | D:1      | Reached skill level 1 in Armour
  1463 | D:2      | Identified a +0 dagger
  1475 | D:2      | Identified a +0 dagger
  1478 | D:2      | Found a stormy altar of Qazlal.
  1482 | D:2      | Reached XP level 3. HP: 13/26 MP: 6/6
  1603 | D:2      | Identified a +0 leather armour
  1629 | D:2      | Identified a +0 quarterstaff
  1636 | D:2      | Identified a +0 pair of boots
  1645 | D:2      | Identified a +0 dagger
  2096 | D:2      | Reached XP level 4. HP: 32/32 MP: 4/7
  2160 | D:2      | Identified a +0 whip
  2161 | D:2      | Identified a +0 ring mail
  2190 | D:2      | Identified a +1 scythe of protection
  2190 | D:2      | Identified a +1 robe of positive energy
  2190 | D:2      | Noticed Sigmund
  2197 | D:2      | Learned a level 3 spell: Frozen Ramparts
  2201 | D:2      | Learned a level 3 spell: Ozocubu's Armour
  2214 | D:2      | Killed Sigmund
  2215 | D:2      | Reached skill level 2 in Fighting
  2215 | D:2      | Reached skill level 1 in Long Blades
  2215 | D:2      | Reached skill level 2 in Armour
  2215 | D:2      | Reached skill level 3 in Dodging
  2215 | D:2      | Reached skill level 6 in Ice Magic
  2215 | D:2      | Reached XP level 5. HP: 32/39 MP: 4/9
  2215 | D:2      | Reached XP level 6. HP: 37/45 MP: 4/10
  2322 | D:2      | Identified a +0 pair of boots
  2449 | D:2      | Identified an amulet of faith
  2589 | D:3      | Identified a +0 whip
  2593 | D:3      | Identified a +0 club
  2627 | D:3      | Identified a +0 club
  2684 | D:3      | Identified a +0 short sword
  2765 | D:3      | Identified a +0 club
  2765 | D:3      | Identified a +0 dagger
  2766 | D:3      | Identified a +0 dagger
  2766 | D:3      | Identified a +0 hunting sling
  2766 | D:3      | Identified a +0 club
  2767 | D:3      | Identified a +0 falchion
  2767 | D:3      | Identified a +0 animal skin
  2767 | D:3      | Identified a +0 helmet
  2767 | D:3      | Noticed Robin
  2767 | D:3      | Identified a +0 club
  2768 | D:3      | Identified a +0 dagger
  2768 | D:3      | Identified a +0 club
  2769 | D:3      | Identified a +0 club
  2771 | D:3      | Identified a +0 dagger
  2775 | D:3      | Killed Robin
  2800 | D:3      | Identified a ring of fire
  2876 | D:3      | Identified 2 scrolls of identify
  2876 | D:3      | Identified a potion of invisibility
  2877 | D:3      | Identified a potion of curing
  2996 | D:3      | Reached skill level 3 in Spellcasting
  3226 | D:3      | Found a faded altar of an unknown god.
  3281 | D:3      | Identified a +0 leather armour
  3358 | D:4      | Identified a +0 halberd
  3359 | D:4      | Identified a +0 flail
  3359 | D:4      | Identified a +0 halberd
  3359 | D:4      | Identified a +0 halberd
  3364 | D:4      | Reached skill level 2 in Long Blades
  3622 | D:4      | Identified a +0 leather armour
  3644 | D:4      | Identified a +1 helmet of intelligence
  3719 | D:4      | Reached skill level 3 in Stealth
  3998 | D:4      | Identified a +0 flail
  3998 | D:4      | Identified a +0 club
  4000 | D:4      | Identified a +0 spear
  4010 | D:4      | Reached XP level 7. HP: 47/51 MP: 7/11
  4011 | D:4      | Reached skill level 3 in Fighting
  4068 | D:4      | Identified a +2 whip of electrocution
  4068 | D:4      | Identified a +0 chain mail
  4069 | D:4      | Identified a +0 mace
  4069 | D:4      | Identified a +0 hand axe
  4071 | D:4      | Identified a +0 giant spiked club
  4073 | D:4      | Identified a +0 club
  4276 | D:4      | Identified a +0 flail
  4279 | D:4      | Identified a +0 hand axe
  4279 | D:4      | Identified a +0 dagger
  4280 | D:4      | Identified a +0 hand axe
  4280 | D:4      | Identified a +0 ring mail
  4352 | D:4      | Identified a +0 spear
  4499 | D:4      | Identified a +0 longbow
  4652 | D:5      | Entered Level 5 of the Dungeon
  4656 | D:5      | Identified a +0 great sword
  4691 | D:5      | Identified a +0 hand axe
  4691 | D:5      | Identified a +0 falchion
  4691 | D:5      | Identified a +0 dagger
  4691 | D:5      | Identified a +0 robe
  4691 | D:5      | Identified a +0 club
  4692 | D:5      | Identified a +0 club
  4695 | D:5      | Reached skill level 3 in Armour
  4746 | D:5      | Identified a +0 leather armour
  4807 | D:5      | Reached skill level 3 in Long Blades
  4807 | D:5      | Reached skill level 7 in Ice Magic
  4989 | D:5      | Identified a +0 dagger
  4990 | D:5      | Identified a +0 dagger
  4992 | D:5      | Identified a +0 club
  4994 | D:5      | Identified a +0 robe
  5007 | D:5      | Identified a +0 dagger
  5007 | D:5      | Identified a +0 robe
  5009 | D:5      | Reached XP level 8. HP: 42/59 MP: 5/13
  5009 | D:5      | Identified a +0 hand axe
  5009 | D:5      | Identified a +0 chain mail
  5015 | D:5      | Reached skill level 4 in Dodging
  5133 | D:5      | Identified a potion of brilliance
  5136 | D:5      | Identified a +0 mace
  5136 | D:5      | Identified a +0 scale mail
  5137 | D:5      | Noticed a wyvern
  5146 | D:5      | Killed a wyvern
  5232 | D:5      | Identified a +0 giant club
  5241 | D:5      | Reached skill level 4 in Fighting
  5241 | D:5      | Reached skill level 4 in Spellcasting
  5304 | D:5      | Identified a +0 giant club
  5312 | D:5      | Slain by an ogre

Table legend: (Time is in decaauts)
 A = Elapsed time spent in this place.
 B = Non-inter-level travel time spent in this place.
 C = Inter-level travel time spent in this place.
 D = Time resting spent in this place.
 E = Time spent auto-exploring this place.
 F = Levels seen in this place.
 G = Mean time per level.
                   A        B        C        D        E       F      G
               +--------+--------+--------+--------+--------+-----+--------+
         Total |   5964 |   5852 |    112 |   1781 |   3021 |   5 | 1192.8 |
       Dungeon |   5964 |   5852 |    112 |   1781 |   3021 |   5 | 1192.8 |
               +--------+--------+--------+--------+--------+-----+--------+

Top non-repeatable levels by time:
     D:1: 1604 daAuts
     D:4: 1449 daAuts
     D:2: 1182 daAuts
     D:3: 998 daAuts
     D:5: 729 daAuts

Table legend:
 A = Kills in this place as a percentage of kills in entire the game.
 B = Kills by you in this place as a percentage of kills by you in the entire game.
 C = Kills by friends in this place as a percentage of kills by friends in the entire game.
 D = Other kills in this place as a percentage of other kills in the entire game.
 E = Experience gained in this place as a percentage of experience gained in the entire game.
 F = Experience gained in this place divided by the number of levels of this place that you have seen.
                   A       B       C       D       E      F
               +-------+-------+-------+-------+-------+----------------------
         Total | 100.0 | 100.0 |   N/A |   N/A | 100.0 | 332.8
       Dungeon | 100.0 | 100.0 |   N/A |   N/A | 100.0 | 332.8
               +-------+-------+-------+-------+-------+----------------------

Skill      XL: |  1  2  3  4  5  6  7  8 |
---------------+-------------------------+-----
Ice Magic      | 5 6 7 |  7.7
Fighting       | 1 2 3 4 |  4.0
Stealth        | 2 3 |  3.9
Armour         | 1 2 3 |  3.9
Long Blades    | 1 2 3 |  3.6
Dodging        | 3 4 |  4.0
Spellcasting   | 3 4 |  4.0

Action                   |  1- 3 |  4- 6 |  7- 9 || total
-------------------------+-------+-------+-------++-------
Melee: Unarmed           |     3 |       |       ||     3
       Falchion          |    68 |    87 |    69 ||   224
Throw: Javelin           |       |     4 |     1 ||     5
 Cast: Freeze            |    27 |    24 |    20 ||    71
       Frozen Ramparts   |       |     7 |     7 ||    14
       Ozocubu's Armour  |       |     1 |     2 ||     3
  Use: Scroll            |       |     2 |     1 ||     3
 Stab: Sleeping          |     6 |     6 |     3 ||    15
Armor: Robe              |    11 |    32 |    23 ||    66
       Leather armour    |     9 |     3 |       ||    12
Dodge: Dodged            |    81 |   105 |    78 ||   264
       Rpst.: Falchion   |    23 |    26 |    21 ||    70

Vanquished Creatures
  Sigmund (D:2)
  A wyvern (D:5)
  2 ogres
  A water moccasin zombie (D:5)
  A howler monkey (D:5)
  A centaur zombie (D:5)
  2 hounds (D:5)
  2 orc priests (D:5)
  2 jellies
  3 iguanas (D:4)
  2 orc wizards (D:5)
  Robin (D:3)
  7 gnolls (D:4)
  5 adders
  A dart slug (D:2)
  15 orcs
  7 ball pythons
  4 bats
  9 endoplasms
  2 giant cockroaches
  14 goblins
  9 hobgoblins
  7 jackals
  6 kobolds
  8 quokkas
  8 frilled lizards
  6 rats
127 creatures vanquished.
